 Dungeon Crawl Stone Soup version 0.27-a0-1200-g94dc6ad4cf (webtiles) character file.

Game seed: 12475888563689973706

43 Shayle the Skirmisher (level 3, -1/39 HPs)
             Began as an Ogre Warper on June 1, 2021.
             Slain by an adder (3 damage)
             ... on level 2 of the Dungeon.
             The game lasted 00:04:25 (1604 turns).

Shayle the Skirmisher (Ogre Warper)                 Turns: 1604, Time: 00:04:25

Health: -1/39      AC:  3    Str: 14 (15) XL:     3   Next: 58%
Magic:  6/6        EV:  9    Int: 12 (15) God:
Gold:   59         SH:  0    Dex:  6 (8)  Spells: 6/6 levels left

rFire    . . .     SeeInvis .   a - +0 mace
rCold    . . .     Faith    .   (no shield)
rNeg     + . .     Spirit   .   b - +0 robe
rPois    .         Reflect  .   (helmet restricted)
rElec    .         Harm     .   (no cloak)
rCorr    .         Rampage  .   (gloves unavailable)
Will     .....                  (boots unavailable)
Stlth    +.........             (no amulet)
HPRegen  0.13/turn              h - ring of positive energy
MPRegen  0.10/turn              (no ring)

@: lethally poisoned (-1 -> -2)
A: large, unfitting armour, tough skin 1
a: no special abilities


You were on level 2 of the Dungeon.
You visited 1 branch of the dungeon, and saw 2 of its levels.

You collected 59 gold pieces.

Inventory:

Hand Weapons
 a - a +0 mace (weapon)
Missiles
 g - 12 poisoned darts (quivered)
Armour
 b - a +0 robe (worn)
Magical Staves
 e - a staff of earth
Jewellery
 h - a ring of positive energy (left hand)
Scrolls
 i - a scroll of vulnerability
 k - a scroll of teleportation
Potions
 c - a potion of resistance


   Skills:
 + Level 4.1 Fighting
 + Level 2.7 Maces & Flails
 - Level 1.0 Throwing
 - Level 2.1 Dodging
 - Level 2.4 Spellcasting
 - Level 2.6 Translocations


You had 6 spell levels left.
You didn't know any spells.
Your spell library contained the following spells:

 Spells                   Type           Power      Damage    Failure   Level
 Blink                    Tloc           N/A        N/A       13%         2
 Gell's Gravitas          Tloc           3%         N/A       26%         3
 Lesser Beckoning         Tloc           3%         N/A       26%         3
 Teleport Other           Tloc           7%         N/A       26%         3
 Manifold Assault         Tloc           7%         N/A       94%         5


Dungeon Overview and Level Annotations

Branches:
Dungeon (2/15)

Altars:

Shops:
D:1 :   D:2 [


Innate Abilities, Weirdness & Mutations

You are too large for most types of armour.
You have tough skin. (AC +1)


Message History

The adder is lightly wounded.
The adder bites you.
* * * LOW HITPOINT WARNING * * *
You barely miss the adder.
The adder is lightly wounded.
The adder bites you.
* * * LOW HITPOINT WARNING * * *
You are poisoned.
The adder poisons you! The adder bites you.
* * * LOW HITPOINT WARNING * * *
Throw: 14 darts (poison)
Press: ? - help, Q - select action Shift-Dir - straight line, f/p - adder
Aim: an adder (lightly wounded, 32% to hit)
You throw a poisoned dart.
The poisoned dart barely misses the adder.
* * * LOW HITPOINT WARNING * * *
You feel sick. The adder bites you but does no damage.
Throw: 13 darts (poison)
Press: ? - help, Q - select action Shift-Dir - straight line, f/p - adder
Aim: an adder (lightly wounded, 32% to hit)
You throw a poisoned dart. The poisoned dart hits the adder.
The adder is poisoned.
The adder is lightly wounded.
* * * LOW HITPOINT WARNING * * *
You feel sick. The adder barely misses you. The adder closely misses you.
Okay, then.
As you read the scroll labelled DIUTUZYMME, it crumbles to dust.
You feel aware of your surroundings.
It was a scroll of magic mapping.
* * * LOW HITPOINT WARNING * * *
You feel sick. The adder barely misses you.
As you read the scroll labelled JEIQUD CUALYA, it crumbles to dust.
It is a scroll of identify.
i - a scroll of vulnerability
* * * LOW HITPOINT WARNING * * *
You feel sick. The adder bites you but does no damage.
You hit the adder but do no damage.
The adder is heavily wounded.
* * * LOW HITPOINT WARNING * * *
You feel sick. The adder bites you but does no damage. The adder bites you.
You die...

#......$.#....(.....
#..(.....#..........
#...................
#...................
#.........######....
###.....∩.#****#....
#.......#,,,,#....
###S......#,**,#....
#..@.....##,**,**,,.
#........#,,,,,,,,,.
#........#,,,,,,,,,,
###......#,,,,,,,,,,
**#........,,,,***,,
*,.........,,,,* *,*
*,...##....,^,,* *,,
*,...#*###.,,,,*****
*,,,,,,,,**,,,,,,,,,


You could see an adder (poisoned).

Vanquished Creatures
  An adder (D:2)
  2 endoplasms (D:2)
  A giant cockroach (D:1)
  A hobgoblin (D:2)
  6 jackals (D:1)
  4 kobolds
  A quokka (D:1)
  2 ball pythons (D:1)
  4 bats
  2 frilled lizards
  2 goblins
  9 rats
35 creatures vanquished.

Notes
Turn   | Place    | Note
-------+----------+-------------------------------------------
     0 | D:1      | Shayle the Ogre Warper began the quest for the Orb.
     0 | D:1      | Reached XP level 1. HP: 22/22 MP: 3/3
   100 | D:1      | Reached skill level 3 in Fighting
   151 | D:1      | Found a faded altar of an unknown god.
   266 | D:1      | Reached XP level 2. HP: 31/31 MP: 5/5
   737 | D:1      | Found Batsoci's Book Shoppe.
  1048 | D:2      | Reached XP level 3. HP: 29/39 MP: 6/6
  1480 | D:2      | Reached skill level 4 in Fighting
  1575 | D:2      | Found Xestutesu's Antique Armour Emporium.
  1604 | D:2      | Slain by an adder

Illustrated notes

Levels and vault maps discovered:
D:1:      dpeg_arrival_stone_temple_mockup, layout_rooms, serial_shops,
          shop_statue, shapermc_ecumenical_altar_venn, minmay_tromino_i2
D:2:      layout_basic, serial_shops, shop, grunt_ministairs_9

Skill      XL: |  1  2  3 |
---------------+----------+-----
Fighting       | 3 4 |  4.1
Maces & Flails | 2 |  2.7
Throwing       | |  1.0
Dodging        | |  2.1
Spellcasting   | |  2.4
Translocations | |  2.6

Action                   || total
-------------------------++-------
Melee: Mace              ||   130
Throw: Boomerang         ||     5
       Dart              ||     4
  Use: Potion            ||     3
       Scroll            ||     4
Armor: Robe              ||    79
Dodge: Dodged            ||   104

Table legend: (Time is in decaauts)
 A = Elapsed time spent in this place.
 B = Non-inter-level travel time spent in this place.
 C = Inter-level travel time spent in this place.
 D = Time resting spent in this place.
 E = Time spent auto-exploring this place.
 F = Levels seen in this place.
 G = Mean time per level.
                   A        B        C        D        E       F      G
               +--------+--------+--------+--------+--------+-----+--------+
         Total |   1640 |   1609 |     31 |    250 |    915 |   2 |  820.0 |
       Dungeon |   1640 |   1609 |     31 |    250 |    915 |   2 |  820.0 |
               +--------+--------+--------+--------+--------+-----+--------+

Top non-repeatable levels by time:
     D:1: 1017 daAuts
     D:2: 623 daAuts
